AA
WINNIPEG GOLDEYES @ ST. PAUL SAINTS
06/21/2072
 
TOP OF THE 1ST
Sioux City Explorers batting - Pitching for Cleburne Railroaders : RHP Joe Jones
Pitching: RHP Joe Jones
Batting: RHB Danny Mondragon 0-0: Ball
1-0: SINGLE (Line Drive, 6D, EV 96.2 MPH)
Batting: RHB Casey Wicks 0-0: Ball
1-0: Called Strike
1-1: Ball
2-1: Called Strike
2-2: Grounds into double play, 6-4-3 (Groundball, 6, EV 76.9 MPH)
Batting: LHB Nate Powers 0-0: Ball
1-0: Called Strike
1-1: Called Strike
1-2: Ball
2-2: DOUBLE (Groundball, 3L, EV 99.4 MPH)
Batting: RHB Brent Staffen 0-0: Called Strike
0-1: Ball
1-1: Ball
2-1: Ground out 4-3 (Groundball, 4, EV 80.6 MPH)
Top of the 1st over - 0 runs, 2 hits, 0 errors, 1 left on base; Sioux City 0 - Cleburne 0
BOTTOM OF THE 1ST
Cleburne Railroaders batting - Pitching for Sioux City Explorers : RHP Liam O'Sullivan
Pitching: RHP Liam O'Sullivan
Batting: RHB Mike Latham 0-0: Ground out 1-3 (Groundball, 15S, EV 70.0 MPH)
Batting: SHB Edgar Avellaneda 0-0: Called Strike
0-1: Ball
1-1: Called Strike
1-2: Foul Ball, location: 2F
1-2: Foul Ball, location: 2F
1-2: Strikes out swinging
Batting: LHB Nathan Tennant 0-0: Foul Ball, location: 2F
0-1: Ball
1-1: Ball
2-1: Called Strike
2-2: Ball
3-2: SINGLE (Line Drive, 8RS, EV 92.5 MPH)
Batting: LHB Geoff Stanton 0-0: Ball
1-0: Ball
2-0: Foul Ball, location: 2F
2-1: Foul Ball, location: 2F
2-2: Strikes out swinging
Bottom of the 1st over - 0 runs, 1 hit, 0 errors, 1 left on base; Sioux City 0 - Cleburne 0
TOP OF THE 2ND
Sioux City Explorers batting - Pitching for Cleburne Railroaders : RHP Joe Jones
Batting: SHB Jose Aguilar 0-0: Ground out 4-3 (Groundball, 34, EV 89.4 MPH)
Batting: RHB Pat Desormeaux 0-0: Ball
1-0: Foul Ball, location: 2F
1-1: Ball
2-1: Fly out, F7 (Flyball, 7LM, EV 93.1 MPH)
Batting: LHB Omarion Jones 0-0: Swinging Strike
0-1: Ball
1-1: Ball
2-1: Swinging Strike
2-2: Foul Ball, location: 2F
2-2: Strikes out swinging
Top of the 2nd over - 0 runs, 0 hits, 0 errors, 0 left on base; Sioux City 0 - Cleburne 0
BOTTOM OF THE 2ND
Cleburne Railroaders batting - Pitching for Sioux City Explorers : RHP Liam O'Sullivan
Batting: RHB Craig Hoffman 0-0: Called Strike
0-1: Ball
1-1: Foul Ball, location: 2F
1-2: Foul Ball, location: 2F
1-2: Ball
2-2: SINGLE (Flyball, 9LS, EV 88.8 MPH)
Batting: RHB Moises Torres 0-0: Ball
1-0: Ball
2-0: Foul Ball, location: 2F
2-1: Swinging Strike
2-2: Fly out, F8 (Flyball, 78M, EV 86.9 MPH)
Batting: RHB Javy Diaz 0-0: Called Strike
0-1: Ball
1-1: Called Strike
1-2: Ball
2-2: Foul Ball, location: 2F
2-2: Ball
3-2: Base on Balls
Craig Hoffman to second
Batting: RHB Fernando Miranda 0-0: Ball
Wild Pitch!
Craig Hoffman to third
Javy Diaz to second
1-0: Called Strike
1-1: Ball
2-1: Ground out 4-3 (Groundball, 4D, EV 101.9 MPH)
Craig Hoffman scores
Javy Diaz to third
Batting: RHB Ryan Mayes 0-0: Called Strike
0-1: SINGLE (Flyball, 78S, EV 88.1 MPH)
Javy Diaz scores
Batting: RHB Mike Latham 0-0: Ball
1-0: Called Strike
1-1: Foul Ball, location: 2F
1-2: 2-RUN HOME RUN (Flyball, 8RXD, EV 103.1 MPH), Distance : 426 ft
Batting: SHB Edgar Avellaneda 0-0: DOUBLE (Flyball, 8RXD, EV 95.0 MPH)
Batting: LHB Nathan Tennant 0-0: Ball
1-0: Called Strike
1-1: 2-RUN HOME RUN (Flyball, 9LD, EV 101.9 MPH), Distance : 343 ft
Batting: LHB Geoff Stanton 0-0: Ball
1-0: Fly out, F6 (Flyball, 56D, EV 91.2 MPH)
Bottom of the 2nd over - 6 runs, 5 hits, 0 errors, 0 left on base; Sioux City 0 - Cleburne 6
TOP OF THE 3RD
Sioux City Explorers batting - Pitching for Cleburne Railroaders : RHP Joe Jones
Batting: RHB Steve MacIntosh 0-0: Ball
1-0: Called Strike
1-1: Foul Ball, location: 2F
1-2: Ball
2-2: Fly out, F9 (Flyball, 9LS, EV 88.1 MPH)
Batting: RHB Ramon Alcantara 0-0: Foul Ball, location: 2F
0-1: Swinging Strike
0-2: Strikes out swinging
Batting: RHB Danny Mondragon 0-0: Ball
1-0: Fly out, F7 (Flyball, 78M, EV 90.0 MPH)
Top of the 3rd over - 0 runs, 0 hits, 0 errors, 0 left on base; Sioux City 0 - Cleburne 6
BOTTOM OF THE 3RD
Cleburne Railroaders batting - Pitching for Sioux City Explorers : RHP Liam O'Sullivan
Batting: RHB Craig Hoffman 0-0: Ground out 1-3 (Groundball, 13S, EV 60.0 MPH)
Batting: RHB Moises Torres 0-0: SINGLE (Groundball, 56D, EV 102.5 MPH)
Batting: RHB Javy Diaz 0-0: Ball
1-0: Swinging Strike
1-1: Foul Ball, location: 2F
1-2: Strikes out swinging
Batting: RHB Fernando Miranda 0-0: Called Strike
0-1: Swinging Strike
0-2: Ball
1-2: Foul Ball, location: 2F
1-2: Ball
Moises Torres is caught stealing 2nd base 2-4
Bottom of the 3rd over - 0 runs, 1 hit, 0 errors, 0 left on base; Sioux City 0 - Cleburne 6
TOP OF THE 4TH
Sioux City Explorers batting - Pitching for Cleburne Railroaders : RHP Joe Jones
Batting: RHB Casey Wicks 0-0: Swinging Strike
0-1: Ball
1-1: Called Strike
1-2: Ball
2-2: Foul Ball, location: 2F
2-2: Strikes out swinging
Batting: LHB Nate Powers 0-0: Ball
1-0: Called Strike
1-1: Ball
2-1: Ground out 4-3 (Groundball, 4, EV 103.1 MPH)
Batting: RHB Brent Staffen 0-0: Ball
1-0: Ball
2-0: Called Strike
2-1: Called Strike
2-2: Fly out, F8 (Flyball, 8LM, EV 95.6 MPH)
Top of the 4th over - 0 runs, 0 hits, 0 errors, 0 left on base; Sioux City 0 - Cleburne 6
BOTTOM OF THE 4TH
Cleburne Railroaders batting - Pitching for Sioux City Explorers : RHP Liam O'Sullivan
Batting: RHB Fernando Miranda 0-0: Ball
1-0: Ball
2-0: Ball
3-0: Base on Balls
Pitching: LHP Ron Merley
Batting: RHB Ryan Mayes 0-0: Foul Ball, location: 2F
0-1: Ball
1-1: Foul Ball, location: 2F
1-2: Ball
2-2: Strikes out swinging
Batting: RHB Mike Latham 0-0: Ball
1-0: Swinging Strike
1-1: Foul Ball, location: 2F
1-2: Ball
2-2: Ball
3-2: Hit by Pitch
Fernando Miranda to second
Batting: SHB Edgar Avellaneda 0-0: Foul Ball, location: 2F
0-1: Ball
1-1: Foul Ball, location: 2F
1-2: Strikes out looking
Batting: LHB Nathan Tennant 0-0: SINGLE (Groundball, 6D, EV 96.9 MPH)
Fernando Miranda to third
Mike Latham to second
Runner from 3rd tries for Home, SAFE, throw by CF to home
Batting: LHB Geoff Stanton 0-0: Ball
1-0: Foul Ball, location: 2F
1-1: Hit by Pitch
Mike Latham to third
Nathan Tennant to second
Batting: RHB Craig Hoffman 0-0: Ball
1-0: Called Strike
1-1: Called Strike
1-2: Fly out, F3 (Popup, 34S, EV 83.1 MPH)
Bottom of the 4th over - 1 run, 1 hit, 0 errors, 3 left on base; Sioux City 0 - Cleburne 7
TOP OF THE 5TH
Sioux City Explorers batting - Pitching for Cleburne Railroaders : RHP Joe Jones
Batting: SHB Jose Aguilar 0-0: Ball
1-0: Ball
2-0: Foul Ball, location: 2F
2-1: Foul Ball, location: 2F
2-2: Fly out, F5 (Popup, 5F, EV 78.8 MPH)
Batting: RHB Pat Desormeaux 0-0: Called Strike
0-1: SOLO HOME RUN (Flyball, 7D, EV 102.5 MPH), Distance : 379 ft
Batting: LHB Omarion Jones 0-0: Called Strike
0-1: Foul Ball, location: 2F
0-2: SINGLE (Flyball, 56D, EV 90.0 MPH)
Batting: RHB Steve MacIntosh 0-0: Ground out 5-3 (Groundball, 56S, EV 71.2 MPH)
Omarion Jones to second
Batting: RHB Ramon Alcantara 0-0: Ground out U3 (Groundball, 3, EV 83.8 MPH)
Top of the 5th over - 1 run, 2 hits, 0 errors, 1 left on base; Sioux City 1 - Cleburne 7
BOTTOM OF THE 5TH
Cleburne Railroaders batting - Pitching for Sioux City Explorers : LHP Ron Merley
Batting: RHB Moises Torres 0-0: Ground out U3 (Groundball, 3S, EV 93.8 MPH)
Batting: RHB Javy Diaz 0-0: Called Strike
0-1: Ball
1-1: Swinging Strike
1-2: Strikes out looking
Batting: RHB Fernando Miranda 0-0: Called Strike
0-1: Swinging Strike
0-2: Fly out, F4 (Popup, 4, EV 65.6 MPH)
Bottom of the 5th over - 0 runs, 0 hits, 0 errors, 0 left on base; Sioux City 1 - Cleburne 7
TOP OF THE 6TH
Sioux City Explorers batting - Pitching for Cleburne Railroaders : RHP Joe Jones
Batting: RHB Danny Mondragon 0-0: Foul Ball, location: 2F
0-1: Fly out, F3 (Popup, 23F, EV 85.0 MPH)
Batting: RHB Casey Wicks 0-0: Swinging Strike
0-1: Ball
1-1: Ball
2-1: Ball
3-1: Foul Ball, location: 2F
3-2: Foul Ball, location: 2F
3-2: Foul Ball, location: 2F
3-2: Ground out 5-3 (Groundball, 5L, EV 101.2 MPH)
Batting: LHB Nate Powers 0-0: Called Strike
0-1: Fly out, F5 (Flyball, 5D, EV 91.9 MPH)
Top of the 6th over - 0 runs, 0 hits, 0 errors, 0 left on base; Sioux City 1 - Cleburne 7
BOTTOM OF THE 6TH
Cleburne Railroaders batting - Pitching for Sioux City Explorers : LHP Ron Merley
Batting: RHB Ryan Mayes 0-0: Fly out, F8 (Flyball, 89D, EV 105.0 MPH)
Batting: RHB Mike Latham 0-0: Ball
1-0: Called Strike
1-1: Ground out 5-3 (Groundball, 56, EV 98.1 MPH)
Batting: SHB Edgar Avellaneda 0-0: Ball
1-0: Fly out, F4 (Popup, 3D, EV 63.1 MPH)
Bottom of the 6th over - 0 runs, 0 hits, 0 errors, 0 left on base; Sioux City 1 - Cleburne 7
TOP OF THE 7TH
Sioux City Explorers batting - Pitching for Cleburne Railroaders : RHP Joe Jones
Pitching: RHP Angelo Palumbo
Batting: RHB Brent Staffen 0-0: Swinging Strike
0-1: Ball
1-1: Ball
2-1: Swinging Strike
2-2: Foul Ball, location: 2F
2-2: Strikes out looking
Batting: SHB Jose Aguilar 0-0: Called Strike
0-1: SOLO HOME RUN (Line Drive, 7D, EV 100.6 MPH), Distance : 376 ft
Batting: RHB Pat Desormeaux 0-0: Called Strike
0-1: Ball
1-1: Ball
2-1: DOUBLE (Line Drive, 9LM, EV 106.9 MPH)
Batting: LHB Omarion Jones 0-0: Ball
1-0: Ball
2-0: SINGLE (Line Drive, 34D, EV 100.6 MPH)
Pat Desormeaux to third
Runner from 3rd tries for Home, SAFE, throw by RF to home
Batting: RHB Steve MacIntosh 0-0: Ball
1-0: Foul Ball, location: 2F
1-1: Ball
2-1: Fly out, F8 (Flyball, 8LD, EV 105.6 MPH)
Batting: RHB Ramon Alcantara 0-0: Ball
1-0: Ball
2-0: Called Strike
2-1: Fielders Choice at 2nd, 5-4 (Groundball, 5, EV 83.8 MPH)
Top of the 7th over - 2 runs, 3 hits, 0 errors, 1 left on base; Sioux City 3 - Cleburne 7
BOTTOM OF THE 7TH
Cleburne Railroaders batting - Pitching for Sioux City Explorers : LHP Ron Merley
Batting: LHB Nathan Tennant 0-0: Ball
1-0: Ball
2-0: Ground out U3 (Groundball, 34, EV 83.1 MPH)
Batting: LHB Geoff Stanton 0-0: Ball
1-0: Called Strike
1-1: Ball
2-1: Ball
3-1: Foul Ball, location: 2F
3-2: Fly out, F8 (Flyball, 8LD, EV 89.4 MPH)
Batting: RHB Craig Hoffman 0-0: Hit by Pitch
Batting: RHB Moises Torres 0-0: Fly out, F8 (Flyball, 78D, EV 104.4 MPH)
Bottom of the 7th over - 0 runs, 0 hits, 0 errors, 1 left on base; Sioux City 3 - Cleburne 7
TOP OF THE 8TH
Sioux City Explorers batting - Pitching for Cleburne Railroaders : RHP Angelo Palumbo
Batting: RHB Danny Mondragon 0-0: Ball
1-0: Called Strike
1-1: DOUBLE (Line Drive, 3D, EV 104.4 MPH)
Batting: RHB Casey Wicks 0-0: Called Strike
0-1: Ball
1-1: Ball
2-1: Ball
3-1: Fly out, F9 (Flyball, 9LM, EV 78.8 MPH)
Batting: LHB Nate Powers 0-0: Foul Ball, location: 2F
0-1: SINGLE (Groundball, 4D, EV 105.6 MPH)
Danny Mondragon to third
Runner from 3rd tries for Home, SAFE, throw by CF to home
Pitching: RHP Jesus Sanchez
Batting: RHB Brent Staffen 0-0: Ball
1-0: Swinging Strike
1-1: Ball
2-1: Foul Ball, location: 2F
2-2: Foul Ball, location: 2F
2-2: Ball
3-2: Foul Ball, location: 2F
3-2: SINGLE (Line Drive, 78S, EV 92.5 MPH)
Nate Powers to second
Batting: SHB Jose Aguilar 0-0: Foul Ball, location: 2F
0-1: Ball
1-1: Foul Ball, location: 2F
1-2: Ball
2-2: Foul Ball, location: 2F
2-2: Foul Ball, location: 2F
2-2: Fly out, F7 (Flyball, 7S, EV 90.6 MPH)
Batting: RHB Pat Desormeaux 0-0: Ball
1-0: Called Strike
1-1: Ball
2-1: Ball
3-1: SINGLE (Groundball, 6M, EV 106.2 MPH) (infield hit)
Nate Powers to third
Brent Staffen to second
Batting: LHB Omarion Jones 0-0: Ball
1-0: Ball
2-0: Ball
3-0: Base on Balls
Nate Powers scores
Brent Staffen to third
Pat Desormeaux to second
Batting: RHB Steve MacIntosh 0-0: Ball
1-0: Ball
2-0: Ball
3-0: Base on Balls
Brent Staffen scores
Pat Desormeaux to third
Omarion Jones to second
Batting: RHB Ramon Alcantara 0-0: Foul Ball, location: 2F
0-1: Ball
1-1: Ball
2-1: Called Strike
2-2: DOUBLE (Line Drive, 9LS, EV 104.4 MPH)
Pat Desormeaux scores
Omarion Jones scores
Steve MacIntosh to third
Runner from 3rd tries for Home, SAFE, throw by RF to home
Pitching: RHP Christian Herrera
Batting: RHB Danny Mondragon 0-0: SINGLE (Line Drive, 7S, EV 91.9 MPH)
Ramon Alcantara to third
Runner from 3rd tries for Home, SAFE, throw by LF to home
Batting: RHB Casey Wicks 0-0: Called Strike
0-1: Called Strike
0-2: Ball
Danny Mondragon steals 2nd base
1-2: Ground out 6-3 (Groundball, 6, EV 102.5 MPH)
Top of the 8th over - 7 runs, 6 hits, 0 errors, 1 left on base; Sioux City 10 - Cleburne 7
BOTTOM OF THE 8TH
Cleburne Railroaders batting - Pitching for Sioux City Explorers : LHP Ron Merley
Batting: RHB Javy Diaz 0-0: Foul Ball, location: 2F
0-1: Foul Ball, location: 2F
0-2: Strikes out swinging
Batting: RHB Fernando Miranda 0-0: Called Strike
0-1: Ball
1-1: Foul Ball, location: 2F
1-2: Ball
2-2: Fly out, F8 (Flyball, 8LS, EV 88.8 MPH)
Batting: RHB Ryan Mayes 0-0: Ball
1-0: Foul Ball, location: 2F
1-1: Ball
2-1: Foul Ball, location: 2F
2-2: Ball
3-2: SINGLE (Groundball, 56D, EV 101.2 MPH)
Pitching: RHP Joe Riley
Batting: RHB Mike Latham 0-0: Ball
1-0: Foul Ball, location: 2F
1-1: Ball
2-1: Foul Ball, location: 2F
2-2: SINGLE (Groundball, 56S, EV 74.4 MPH) (infield hit)
Ryan Mayes to second
Batting: SHB Edgar Avellaneda 0-0: SINGLE (Flyball, 34D, EV 86.9 MPH)
Ryan Mayes to third
Mike Latham to second
Runner from 3rd tries for Home, SAFE, throw by RF to home
Batting: LHB Nathan Tennant 0-0: Ball
1-0: Called Strike
1-1: Foul Ball, location: 2F
1-2: Strikes out swinging
Bottom of the 8th over - 1 run, 3 hits, 0 errors, 2 left on base; Sioux City 10 - Cleburne 8
TOP OF THE 9TH
Sioux City Explorers batting - Pitching for Cleburne Railroaders : RHP Christian Herrera
Batting: LHB Nate Powers 0-0: Ball
1-0: Fly out, F7 (Flyball, 7LS, EV 91.2 MPH)
Batting: RHB Brent Staffen 0-0: Ball
1-0: Called Strike
1-1: Ball
2-1: Ball
3-1: Foul Ball, location: 2F
3-2: Base on Balls
Batting: SHB Jose Aguilar 0-0: Called Strike
0-1: Ball
1-1: Called Strike
1-2: Ball
2-2: Ball
3-2: Base on Balls
Brent Staffen to second
Batting: RHB Pat Desormeaux 0-0: Foul Ball, location: 2F
0-1: Ball
1-1: Ball
2-1: SINGLE (Line Drive, 89M, EV 112.5 MPH)
Brent Staffen to third
Jose Aguilar to second
Batting: LHB Omarion Jones 0-0: Foul Ball, location: 2F
0-1: Fly out, F9 (Line Drive, 9, EV 98.1 MPH)
Runner from 3rd tags up, OUT at HOME! 9-2
Top of the 9th over - 0 runs, 1 hit, 0 errors, 2 left on base; Sioux City 10 - Cleburne 8
BOTTOM OF THE 9TH
Cleburne Railroaders batting - Pitching for Sioux City Explorers : RHP Joe Riley
Batting: LHB Geoff Stanton 0-0: Called Strike
0-1: Ball
1-1: Ball
2-1: Ball
3-1: Called Strike
3-2: Fly out, F7 (Line Drive, 7, EV 101.9 MPH)
Batting: RHB Craig Hoffman 0-0: Fly out, F9 (Flyball, 9D, EV 88.1 MPH)
Batting: RHB Moises Torres 0-0: Ball
1-0: Called Strike
1-1: Ball
2-1: Fly out, F8 (Flyball, 8LXD, EV 94.4 MPH)
Bottom of the 9th over - 0 runs, 0 hits, 0 errors, 0 left on base; Sioux City 10 - Cleburne 8
Monday, October 25th , 2021 - OOTP Baseball 22.10 Build 79